 Dungeon Crawl Stone Soup version 0.16.1-51-g6203257 (webtiles) character file.

240 kae the Slasher (level 5, -6/38 HPs)
             Began as a Demonspawn Gladiator on Aug 1, 2015.
             Killed by nerve-wracking pain
             ... invoked by an orc priest
              (12 damage)
             ... on level 3 of the Dungeon.
             The game lasted 00:03:25 (3560 turns).

kae the Slasher (Demonspawn Gladiator)              Turns: 3560, Time: 00:03:25

Health: -6/38      AC:  4    Str: 16    XL:     5   Next: 80%
Magic:  5/5        EV: 12    Int: 10    God:
Gold:   90         SH:  0    Dex: 13    Spells: 0 memorised, 4 levels left

rFire  . . .     SeeInvis .     a - +0 long sword
rCold  . . .     Clarity  .     b - +0 leather armour
rNeg   . . .     SustAb   .     (no shield)
rPois  .         Gourm    .     c - +0 helmet
rElec  .         Spirit   .     (no cloak)
rCorr  .         Warding  .     (no gloves)
rMut   .         Stasis   .     (no boots)
MR     .....                    (no amulet)
Stlth  +.........               (no ring)
                                (no ring)

@: not resistant to hostile enchantments, very unstealthy
A: hooves 2
a: no special abilities


You were on level 3 of the Dungeon.
You were not hungry.

You visited 1 branch of the dungeon, and saw 3 of its levels.
You also visited: Sewer.

You collected 90 gold pieces.

Inventory:

Hand weapons
 a - a +0 long sword (weapon)
Missiles
 d - 3 throwing nets (quivered)
Armour
 b - a +0 leather armour (worn)
 c - a +0 helmet (worn)
Jewellery
 i - an uncursed ring of protection from cold {unknown}
 j - an uncursed ring of teleport control {unknown}
Scrolls
 e - 2 scrolls of enchant weapon {unknown}
 h - 4 scrolls of identify {unknown}
 k - 3 scrolls of remove curse {unknown}
 l - a scroll of recharging {unknown}
 p - a scroll of enchant armour {unknown}
 r - 3 scrolls of magic mapping {unknown}
 t - 4 scrolls of teleportation {unknown}
Potions
 g - a potion of magic {unknown}
 m - 2 potions of restore abilities {unknown}
 n - a potion of poison {unknown}
 o - 3 potions of heal wounds {unknown}
 q - a potion of might {unknown}
 s - 3 potions of curing {unknown}
 u - a potion of flight {unknown}
Comestibles
 f - 2 bread rations


   Skills:
 - Level 2.0 Fighting
 + Level 6.0 Long Blades
 - Level 1.7 Throwing
 - Level 2.6 Dodging


You had 4 spell levels left.
You didn't know any spells.

Dungeon Overview and Level Annotations

Branches:
Dungeon (3/15)

Altars:
Elyvilon
Sif Muna
Xom
Zin
The Shining One


Innate Abilities, Weirdness & Mutations

You have hoof-like feet.


Message History

You are too injured to fight recklessly!
You are too injured to fight recklessly!
You are too injured to fight recklessly!
You are too injured to fight recklessly!
You are too injured to fight recklessly!
You hit the orc priest.
The orc priest is severely wounded.
The orc priest hits you with a hand axe.
* * * LOW HITPOINT WARNING * * *
An orc comes into view.
You hit the orc priest but do no damage.
You kick the orc priest, but do no damage.
The orc priest is severely wounded.
The orc priest hits you but does no damage.
You hit the orc priest but do no damage.
Your kick misses the orc priest.
The orc priest is severely wounded.
The orc priest mumbles some strange prayers to Beogh against you.
Pain shoots through your body!
You die...

#......##########(##.#.######..
#.......>............#.........
#......#######......##.#.##....
####.#########.##.#.##.#.##....
#..#....##...##.....#.####'#
##.#.####.....##.####.####)#
#.#.###.......#.........[..
#.#.#....._.....#####......
#.#...#...@...#............
#####)##..o..##............
#....##.o.######..#......
#.....##.##....#..#......
#..........# #.#..##+####
#....####..###.#[....#
#...#.......<#.##.####
#...#.#.#..###.##.#
#...#.###.........#


You could see an orc priest and an orc.

Vanquished Creatures
  A big kobold (Sewer)
  3 river rats
  4 adders
  3 giant mites (D:3)
  3 worms
  A giant gecko (D:3)
  3 oozes
  3 orcs (D:3)
  3 ball pythons (Sewer)
  4 goblins
  2 hobgoblins (D:2)
  4 jackals (D:2)
  A quokka (D:2)
  7 bats
  4 giant cockroaches
  12 kobolds
  13 rats
71 creatures vanquished.

Notes
Turn   | Place    | Note
--------------------------------------------------------------
     0 | D:1      | kae, the Demonspawn Gladiator, began the quest for the Orb.
     0 | D:1      | Reached XP level 1. HP: 16/16 MP: 1/1
    69 | D:1      | Reached skill level 3 in Long Blades
   257 | D:1      | Gained mutation: You have large cloven feet. [demonic ancestry]
   257 | D:1      | Reached XP level 2. HP: 19/22 MP: 2/2
   685 | D:2      | HP: 1/22 [bat (1)]
   989 | D:2      | Reached XP level 3. HP: 27/27 MP: 3/3
  1081 | D:2      | Reached skill level 4 in Long Blades
  1750 | D:3      | Gained mutation: You have hoof-like feet. [demonic ancestry]
  1750 | D:3      | Reached XP level 4. HP: 17/33 MP: 4/4
  1896 | D:3      | Found a deep blue altar of Sif Muna.
  2146 | D:3      | Found a shimmering altar of Xom.
  2225 | D:3      | Found a glowing drain.
  2263 | D:3      | Reached skill level 5 in Long Blades
  2283 | Sewer    | Entered a sewer
  2660 | Sewer    | Reached XP level 5. HP: 38/38 MP: 5/5
  3259 | Sewer    | Noticed a big kobold
  3280 | Sewer    | Killed a big kobold
  3280 | Sewer    | Reached skill level 6 in Long Blades
  3445 | D:3      | Found a glowing golden altar of the Shining One.
  3449 | D:3      | Found a white marble altar of Elyvilon.
  3450 | D:3      | Found a glowing silver altar of Zin.
  3560 | D:3      | Killed from afar by an orc priest

Action                   |  1- 3 |  4- 6 || total
-------------------------+-------+-------++-------
Melee: Long sword        |   139 |   171 ||   310
  Eat: Chunk             |     1 |       ||     1
       Bread ration      |       |     2 ||     2
